Map: [ESL] Dragon Scales

Players

Lambo - Winner!

  • Race: Zerg Zerg
  • Spawn Location: 11:00

YoungYakov

  • Race: Zerg Zerg
  • Spawn Location: 5:00

Event: ESL SC2 Masters 2023 Summer (Regionals)

VOD

Have the link to the VOD?

Description

Time

  • Played on: May 9, 2023, 10:44 a.m.
  • Length: 4:04

All games in this series

Show
View Real Time Build Order
Export as new Build Order

Lambo Zerg - Winner!

Build Orders: Hatch First 

Get SALT Encoding   

  12  0:00  Drone  
  13  0:12  Overlord  
  13  0:16  Drone  
  14  0:30  Drone x2  
  16  0:47  Hatchery  
  15  0:50  Drone  
  15  0:54  Drone  
  17  0:57  Drone  
  17  1:01  Extractor  
  17  1:12  Spawning Pool  
  17  1:16  Drone  
  17  1:19  Drone  
  18  1:27  Drone  
  19  1:38  Drone  
  20  1:49  Drone  
  21  1:59  Queen x2  
  21  2:00  Zergling x2  
  26  2:01  Metabolic Boost  
  26  2:05  Overlord  
  26  2:11  Drone  
  26  2:13  Drone  
  28  2:26  Drone x2  
  30  2:35  Drone, Zergling x2  
  32  2:39  Hatchery  
  31  2:45  Overlord  
  31  2:49  Zergling x2  
  32  2:56  Zergling x4  
  34  3:07  Zergling x14  
  34  3:12  Zergling x2  
  42  3:18  Overlord  
  42  3:20  Drone  
  43  3:30  Drone  
  44  3:35  Baneling Nest  
  44  3:36  Drone  
  44  3:41  Drone x4  
  47  3:46  Drone x4  
  48  3:52  Drone  
Show
View Real Time Build Order
Export as new Build Order

YoungYakov Zerg 

Build Orders: Hatch First 

Get SALT Encoding   

  12  0:00  Drone  
  13  0:12  Overlord  
  13  0:17  Drone  
  14  0:30  Drone x2  
  16  0:48  Hatchery  
  15  0:51  Drone  
  15  0:54  Drone  
  17  0:57  Drone  
  18  1:08  Extractor  
  17  1:13  Spawning Pool  
  17  1:16  Drone  
  17  1:20  Drone  
  18  1:28  Drone  
  19  1:38  Drone  
  20  1:49  Drone  
  21  1:59  Overlord  
  21  2:00  Queen x2  
  25  2:01  Drone  
  26  2:11  Zergling x2  
  26  2:12  Metabolic Boost  
  26  2:13  Drone  
  28  2:22  Drone  
  29  2:23  Zergling x2  
  30  2:35  Hatchery  
  29  2:40  Drone x2  
  31  2:45  Drone x2  
  31  2:49  Baneling Nest  
  32  2:55  Overlord  
  32  2:58  Drone  
  33  3:06  Drone  
  33  3:10  Drone x2  
  35  3:14  Zergling x6  
  35  3:16  Zergling x4  
  40  3:22  Evolution Chamber  
  40  3:23  Zergling x4  
  41  3:27  Queen  
  41  3:31  Zergling x2  
  44  3:38  Overlord  
  44  3:45  Zergling x6  
Tags
 
Add a new tag
Caveats
  • Supply blocks, unpowered buildings, or Contaminate may cause inaccurate times.
  • Supply counts are checked every 10 seconds.